 Dungeon Crawl Stone Soup version 0.19-a0-1170-g18f0c96 (webtiles) character file.

123 epen the Ducker (level 5, -1/43 HPs)
             Began as a Merfolk Monk on Aug 16, 2016.
             Succumbed to a worker ant's poison
             ... on level 4 of the Dungeon.
             The game lasted 00:02:59 (2835 turns).

epen the Ducker (Merfolk Monk)                      Turns: 2835, Time: 00:02:59

Health: -1/43      AC:  2    Str: 13 (16) XL:     5   Next: 7%
Magic:  5/5        EV: 15    Int: 10      God:
Gold:   105        SH:  0    Dex: 16 (17) Spells: 0 memorised, 4 levels left

rFire  + . .     SeeInvis .       - Unarmed
rCold  + . .     Gourm    .     a - +0 robe
rNeg   . . .     Faith    .     (no shield)
rPois  +         Spirit   .     (no helmet)
rElec  +         Dismiss  .     (no cloak)
rCorr  +         Reflect  .     (no gloves)
MR     .....     Harm     .     (no boots)
Stlth  ++........               (no amulet)
                                (no ring)
                                (no ring)

@: mighty, lethally poisoned (-1 -> -15), resistant
A: change form in water, swift swim
a: no special abilities


You were on level 4 of the Dungeon.
You were not hungry.

You visited 1 branch of the dungeon, and saw 4 of its levels.

You collected 105 gold pieces.

Inventory:

Armour
 a - a +0 robe (worn)
Jewellery
 d - an uncursed ring of ice
Scrolls
 e - a scroll of enchant armour {unknown}
 i - 5 scrolls of teleportation {unknown}
 k - 5 scrolls of identify {unknown}
 l - a scroll of fear {unknown}
 o - a scroll of noise {unknown}
 p - a scroll of remove curse {unknown}
 q - a scroll of blinking {unknown}
 r - a scroll of magic mapping {unknown}
Potions
 h - a potion of ambrosia
 j - a potion of degeneration
 m - a potion of mutation {unknown}
 s - a potion of magic {unknown}
 u - a potion of curing {unknown}
Books
 w - a book of Conjurations

   Spells                             Type                      Level
   a - Magic Dart                     Conjuration                  1
   b - Searing Ray                    Conjuration                  2
   c - Dazzling Spray                 Conjuration/Hexes            3
   d - Fulminant Prism                Conjuration/Hexes            4
   e - Iskenderun's Mystic Blast      Conjuration                  4
   f - Iskenderun's Battlesphere      Conjuration/Charms           5
Comestibles
 b - 5 bread rations
 g - 2 beef jerkies
 n - 3 fruits
 t - 8 chunks of flesh
 v - a meat ration


   Skills:
 + Level 4.4 Fighting
 + Level 5.0 Dodging
 - Level 2.1 Stealth
 * Level 4.6 Unarmed Combat


You had 4 spell levels left.
You didn't know any spells.

Dungeon Overview and Level Annotations

Branches:
Dungeon (4/15)
 Temple: D:4-7

Altars:
Uskayaw
Vehumet
Yredelemnul
The Shining One


Message History

Your Dodging skill increases to level 5!
You have reached level 5!
You feel agile.
You feel your intelligence returning.
You feel sick.
* * * LOW HITPOINT WARNING * * *
You feel sick.
You see here an adder corpse.
A worker ant comes into view.
* * * LOW HITPOINT WARNING * * *
You feel sick. The scorpion stings you!
* * * LOW HITPOINT WARNING * * *
It was a potion of resistance.
You feel protected.
* * * LOW HITPOINT WARNING * * *
You feel sick. The scorpion barely misses you.
Unknown command.
It was a potion of might.
You feel very mighty all of a sudden.
You die...

..##...<...#
.......<....# ##
.............# ..#
.....#........ ..
.....##....>... #.##.
..# #........ ###...
#..#.##.. #.%.a# #....#
## #.@###### #..###
##.sh†..###..#
######......######
####......... #
#..##.###. #.###
##..##..#. .....###
##.........
#..>."######....###.##.
####.............# ..


You could see a scorpion, a howler monkey and a worker ant.

Vanquished Creatures
  A worker ant (D:4)
  2 adders (D:4)
  2 oozes (D:2)
  4 dart slugs
  4 giant cockroaches
  13 goblins
  8 hobgoblins
  5 jackals (D:3)
  6 kobolds
  A quokka (D:4)
  2 bats (D:1)
  3 giant newts
  6 rats
57 creatures vanquished.

Notes
Turn   | Place    | Note
-------+----------+-------------------------------------------
     0 | D:1      | epen the Merfolk Monk began the quest for the Orb.
     0 | D:1      | Reached XP level 1. HP: 18/18 MP: 1/1
   345 | D:1      | Reached XP level 2. HP: 18/24 MP: 2/2
   884 | D:1      | Reached XP level 3. HP: 30/30 MP: 3/3
  1957 | D:3      | Found a glowing golden altar of the Shining One.
  1977 | D:3      | Reached XP level 4. HP: 33/37 MP: 4/4
  1982 | D:3      | Found a radiant altar of Vehumet.
  2007 | D:3      | Found a basalt altar of Yredelemnul.
  2602 | D:3      | Noticed a hand axe
  2603 | D:3      | Noticed a hand axe
  2605 | D:3      | Found a hide-covered altar of Uskayaw.
  2819 | D:4      | HP: 1/37 [poisoned by a worker ant]
  2831 | D:4      | Reached skill level 5 in Dodging
  2831 | D:4      | Reached XP level 5. HP: 15/43 MP: 5/5
  2833 | D:4      | HP: 2/43 [scorpion (8)]
  2835 | D:4      | Succumbed to a worker ant's poison

Vault maps used:
D:1:      dpeg_arrival_ternary, serial_forest, infiniplex_forest_clump_diagonal,
          infiniplex_forest_straight_3, infiniplex_forest_lined_3,
          infiniplex_forest_straight_2, infiniplex_forest_corner_1,
          infiniplex_forest_lined_corner, infiniplex_forest_zigzag_1
D:2:      first_bread
D:3:      kennysheep_the_goblin_king, dancing_weapons_uskayaw,
          grunt_temple_overflow_open, dk_noncrumbling_4
D:4:      tgw_trog, serial_glass, glass_columns_b, glass_columns_a,
          grunt_pakellas_basics

Skill      XL: |  1  2  3  4 |
---------------+-------------+-----
Fighting       | 4 |  4.4
Unarmed Combat | 4 |  4.6
Dodging        | 5 |  5.0
Stealth        | |  2.1

Action                   |  1- 3 |  4- 6 || total
-------------------------+-------+-------++-------
Melee: Unarmed           |   125 |    77 ||   202
       Punch             |     2 |     2 ||     4
  Use: Potion            |       |     5 ||     5
 Stab: Sleeping          |     3 |     2 ||     5
  Eat: Chunk             |     3 |     3 ||     6
Armor: Robe              |     9 |     4 ||    13
Dodge: Dodged            |    69 |    80 ||   149
